 Dungeon Crawl Stone Soup version 0.20-a0-629-gc37eb77 (webtiles) character file.

127 HallandMoats the Skirmisher (level 4, -1/37 HPs)
             Began as a Demonspawn Fighter on Feb 10, 2017.
             Slain by Edmund
             ... wielding a +3 dire flail of holy wrath
              (7 damage)
             ... on level 4 of the Dungeon.
             The game lasted 00:04:31 (2325 turns).

HallandMoats the Skirmisher (Demonspawn Fighter)    Turns: 2325, Time: 00:04:32

Health: -1/37      AC: 13    Str: 22    XL:     4   Next: 85%
Magic:  4/4        EV:  7    Int:  9    God:
Gold:   128        SH:  9    Dex: 13    Spells: 3/3 levels left

rFire    . . .     SeeInvis .   a - +0 falchion (elec)
rCold    . . .     Gourm    .   b - +0 scale mail
rNeg     . . .     Faith    .   c - +0 shield
rPois    .         Spirit   .   (no helmet)
rElec    .         Reflect  .   k - +0 cloak
rCorr    .         Harm     .   (no gloves)
MR       .....                  (no boots)
Stlth    ..........             (no amulet)
Regen    0.2/turn               (no ring)
                                (no ring)

@: mighty, sanguine armour
A: powered by death 1, sanguine armour 1
a: no special abilities


You were on level 4 of the Dungeon.
You were not hungry.

You visited 1 branch of the dungeon, and saw 4 of its levels.

You collected 128 gold pieces.

Inventory:

Hand Weapons
 a - a +0 falchion of electrocution (weapon)
Armour
 b - a +0 scale mail (worn)
 c - a +0 shield (worn)
 k - a +0 cloak (worn)
Jewellery
 u - a +5 ring of protection {unknown}
Scrolls
 e - 3 scrolls of fear {unknown}
 j - 5 scrolls of identify {unknown}
 o - a scroll of random uselessness {unknown}
 p - a scroll of teleportation {unknown}
 q - 2 scrolls of enchant armour {unknown}
 r - a scroll of recharging {unknown}
 t - a scroll of enchant weapon {unknown}
 w - a scroll of remove curse {unknown}
Potions
 h - 2 potions of mutation {unknown}
 i - 2 potions of lignification {unknown}
 l - a potion of degeneration {unknown}
 m - 2 potions of curing {unknown}
 n - 2 potions of brilliance {unknown}
 s - a potion of berserk rage {unknown}
Comestibles
 f - 2 bread rations
 g - 2 royal jellies
 v - 3 chunks of flesh


   Skills:
 + Level 4.0 Fighting
 * Level 3.9 Long Blades
 - Level 2.6 Armour
 - Level 2.6 Shields


You had 3 spell levels left.
You didn't know any spells.

Dungeon Overview and Level Annotations

Branches:
Dungeon (4/15)
 Temple: D:4-7

Altars:
Nemelex Xobeh
Okawaru

Annotations:
D:4 Edmund


Innate Abilities, Weirdness & Mutations

You regenerate a little health from kills.
When seriously injured, your bleeding wounds create armour. (AC +6)


Message History

You hit Edmund but do no damage.
Edmund is lightly wounded.
Edmund hits you with a dire flail of holy wrath.
You convulse.
You miss Edmund.
Edmund is lightly wounded.
Edmund hits you but does no damage.
You feel very mighty all of a sudden. Edmund barely misses you.
You riposte.
You slash Edmund!
Edmund is moderately wounded.
You completely miss Edmund.
Edmund is moderately wounded.
Edmund closely misses you.
You riposte.
You barely miss Edmund.
Edmund is moderately wounded.
You hit Edmund.
Edmund is moderately wounded.
Edmund hits you with a dire flail of holy wrath.
* * * LOW HITPOINT WARNING * * *
You convulse!
You die...

......<..# .........#
#.# .........# #.#
.........# #.#
.........###+###.#
...............#.#
....o...%......#.# #.#
###....$.).@o..#.#.#.#
#.....o...o..#@#.#.#
#####
#......####o)#@#.#.#
#.... #......#
##.#o#.#.########'###
#......#
#..o#.#.#..(......#
#......#
##..#.#.#.........#
#......#
#..#.#.#.........#
....
##.#.#.#.........#
#.#.#.########'##
#>.............#


You could see Edmund, an orc wizard and an orc.

Vanquished Creatures
  Jessica (D:2)
  3 adders
  An ooze (D:2)
  A worm (D:3)
  2 dart slugs
  A leopard gecko (D:2)
  4 orcs (D:4)
  7 bats
  7 hobgoblins
  8 jackals
  5 kobolds
  A ball python (D:1)
  3 frilled lizards
  7 goblins
  6 rats
57 creatures vanquished.

Notes
Turn   | Place    | Note
-------+----------+-------------------------------------------
     0 | D:1      | HallandMoats the Demonspawn Fighter began the quest for the Orb.
     0 | D:1      | Reached XP level 1. HP: 18/18 MP: 1/1
   246 | D:1      | Gained mutation: You regenerate a little health from kills. [demonic ancestry]
   246 | D:1      | Reached XP level 2. HP: 19/24 MP: 2/2
   931 | D:1      | Reached XP level 3. HP: 27/29 MP: 3/3
  1040 | D:2      | Found a sparkling altar of Nemelex Xobeh.
  1271 | D:2      | Noticed Jessica
  1277 | D:2      | Killed Jessica
  1277 | D:2      | Gained mutation: When seriously injured, your bleeding wounds create armour. (AC +6) [demonic ancestry]
  1277 | D:2      | Reached XP level 4. HP: 35/36 MP: 4/4
  2180 | D:4      | Found an iron altar of Okawaru.
  2285 | D:4      | Reached skill level 4 in Fighting
  2298 | D:4      | Noticed Edmund
  2325 | D:4      | Slain by Edmund

Vault maps used:
D:1:      noname_arrival_rooms_in_the_neighbourhood
D:2:      overflow_temple_1_default, eino_curves_01, uniq_jessica
D:3:      first_bread
D:4:      okawaru_ov_weapons_minmay, kennysheep_generic_room_6, uniq_edmund

Skill      XL: |  1  2  3  4 |
---------------+-------------+-----
Long Blades    | 2 3 |  3.9
Fighting       | 4 |  4.0
Armour         | |  2.6
Shields        | |  2.6

Action                   |  1- 3 |  4- 6 || total
-------------------------+-------+-------++-------
Melee: Long sword        |   151 |    60 ||   211
       Falchion          |       |    16 ||    16
  Use: Potion            |       |     1 ||     1
  Eat: Chunk             |     2 |     3 ||     5
Armor: Scale mail        |   107 |    30 ||   137
Dodge: Dodged            |    54 |    31 ||    85
Block: Shield            |   117 |    35 ||   152
       Rpst.: Long sword |    21 |     9 ||    30
       Falchion          |       |     5 ||     5
